 Dungeon Crawl Stone Soup version 0.25.1-8-g42b30a86e7 (webtiles) character file.

Game seed: 4161234913220203967

409 hawla the Conjurer (level 6, -4/45 HPs)
             Began as a Draconian Conjurer on Dec 7, 2020.
             Slain by Pikel
             ... wielding a +1 whip of electrocution
              (9 damage)
             ... on level 5 of the Dungeon.
             The game lasted 00:14:15 (5286 turns).

hawla the Conjurer (Draconian Conjurer)             Turns: 5286, Time: 00:14:16

Health: -4/45      AC:  9    Str:  9 (10) XL:     6   Next: 58%
Magic:  12/12      EV: 12    Int: 15 (17) God:
Gold:   188        SH:  5    Dex:  9 (12) Spells: 6/13 levels left

rFire    . . .     SeeInvis .   j - +0 scimitar "Draconian's Doom" {freeze, +Fly rC+ MR+ Stlth+}
rCold    + . .     Gourm    .   (no shield)
rNeg     . . .     Faith    .   (armour unavailable)
rPois    .         Spirit   .   l - +2 hat
rElec    .         Reflect  +   (no cloak)
rCorr    .         Harm     .   h - +0 pair of gloves
MR       +....                  (no boots)
Stlth    +++.......             c - amulet of reflection
HPRegen  0.15/turn              (no ring)
MPRegen  0.13/turn              (no ring)

@: no status effects
A: unfitting armour, cold-blooded, AC +6
a: Evoke Flight


You were on level 5 of the Dungeon.
You were very hungry.

You visited 1 branch of the dungeon, and saw 5 of its levels.

You collected 188 gold pieces.

Inventory:

Hand Weapons
 j - the +0 scimitar "Draconian's Doom" (weapon) {freeze, +Fly rC+ MR+ Stlth+}
   (You found it on level 4 of the Dungeon)

   It has been specially enchanted to freeze those struck by it, causing extra
   injury to most foes and up to half again as much damage against particularly
   susceptible opponents.
   It can also slow down cold-blooded creatures.
   It protects you from cold.
   It affects your resistance to hostile enchantments.
   It lets you fly.
   It makes you more stealthy.
 r - a +1 quarterstaff
Missiles
 d - 2 atropa-tipped darts (quivered)
 m - 5 curare-tipped darts
Armour
 h - a +0 pair of gloves (worn)
 l - a +2 hat (worn)
Jewellery
 c - an amulet of reflection (around neck)
 f - an uncursed amulet of regeneration
Wands
 i - a wand of flame (11)
Scrolls
 e - 3 scrolls of blinking
 g - 2 scrolls of remove curse
 k - a scroll of teleportation
 p - 2 scrolls of identify
Potions
 o - a potion of flight
Comestibles
 b - 12 rations


   Skills:
 + Level 0.1 Fighting
 + Level 2.0 Dodging
 + Level 2.3 Stealth
 + Level 4.4 Spellcasting
 + Level 4.9 Conjurations
 + Level 3.5 Translocations


You had 6 spell levels left.
You knew the following spells:

 Your Spells              Type           Power        Failure   Level  Hunger
a - Magic Dart            Conj           ###.         2%          1    None
b - Searing Ray           Conj           ###...       3%          2    ##.....
c - Iskenderun's Mystic   Conj/Tloc      ###.....     30%         4    ####...

Your spell library contained the following spells:

 Spells                   Type           Power        Failure   Level  Hunger
 Dazzling Flash           Conj/Hex       ##....       19%         3    ###....
 Fulminant Prism          Conj/Hex       ##........   52%         4    ####...


Dungeon Overview and Level Annotations

Branches:
Dungeon (5/15)
 Temple: D:4-7

Altars:

Annotations:
D:5 Pikel


Innate Abilities, Weirdness & Mutations

Your plain brown scales are hard. (AC +6)
You cannot fit into any form of body armour.
You are cold-blooded and may be slowed by cold attacks.


Message History

Pikel is moderately wounded.
Pikel hits you with a +1 whip of electrocution.
You hit Pikel. You freeze Pikel.
Pikel is moderately wounded.
Pikel hits you with a +1 whip of electrocution.
Pikel misses you.
You riposte.
You hit Pikel. You freeze Pikel.
Pikel is heavily wounded.
You hit Pikel. You freeze Pikel. You tail-slap Pikel, but do no damage.
Pikel is severely wounded.
Pikel hits you but does no damage.
You closely miss Pikel.
Pikel is severely wounded.
Pikel hits you with a +1 whip of electrocution.
Pikel hits you but does no damage.
You are electrocuted!
* * * LOW HITPOINT WARNING * * *
You feel better.
Pikel hits you with a +1 whip of electrocution.
* * * LOW HITPOINT WARNING * * *
You are electrocuted!
You die...

............#
............#
............#
............########
#########...........
......#...........
......'pp.........
###+##Kp.........
#....@###########
#.....# #.....#
#.....# #.....#
#.....# #......
#......


You could see Pikel and 3 slaves.

Vanquished Creatures
  An ogre (D:3)
  3 orc priests
  Jessica (D:2)
  An iguana (D:4)
  An orc wizard (D:4)
  Robin (D:2)
  3 adders
  3 worms
  2 dart slugs (D:1)
  3 leopard geckos (D:1)
  14 orcs
  A ball python (D:1)
  3 giant cockroaches
  15 goblins
  7 hobgoblins
  6 jackals
  3 quokkas (D:3)
  6 bats
  6 frilled lizards
  5 kobolds
  8 rats
93 creatures vanquished.

Notes
Turn   | Place    | Note
-------+----------+-------------------------------------------
     0 | D:1      | hawla the Draconian Conjurer began the quest for the Orb.
     0 | D:1      | Reached XP level 1. HP: 14/14 MP: 3/3
   167 | D:1      | Reached XP level 2. HP: 2/20 MP: 0/5
   174 | D:1      | Learned a level 2 spell: Searing Ray
  1069 | D:1      | Reached XP level 3. HP: 12/26 MP: 2/7
  1967 | D:2      | Noticed Robin
  1973 | D:2      | Killed Robin
  2024 | D:2      | Reached XP level 4. HP: 33/33 MP: 3/8
  2630 | D:3      | Noticed Jessica
  2645 | D:2      | Killed Jessica
  2726 | D:3      | Reached XP level 5. HP: 29/38 MP: 7/10
  2733 | D:3      | Learned a level 4 spell: Iskenderun's Mystic Blast
  3207 | D:3      | Noticed an ogre
  3230 | D:3      | Killed an ogre
  3591 | D:3      | Reached XP level 6. HP: 41/45 MP: 6/12
  5114 | D:4      | Got a shimmering scimitar
  5115 | D:4      | Identified the +0 scimitar "Draconian's Doom" {freeze, +Fly
                  | rC+ MR+ Stlth+} (You found it on level 4 of the Dungeon)
  5145 | D:5      | Entered Level 5 of the Dungeon
  5258 | D:5      | Noticed a slave
  5259 | D:5      | Noticed Pikel
  5259 | D:5      | Noticed a slave
  5259 | D:5      | Noticed a slave
  5259 | D:5      | Noticed a slave
  5286 | D:5      | Slain by Pikel

Illustrated notes

Levels and vault maps discovered:
D:1:      heliophobic_arrival_ceremonial_halls, layout_basic
D:2:      layout_basic, uniq_robin
D:3:      layout_loops_corners, kennysheep_jessica_study
D:4:      layout_basic, minmay_misc_feat_plants, chequers_serial_rivers_small_a,
          hangedman_abyss_or_decor_jellyfish_corner
D:5:      layout_gridville, marbit_many_paths, first_ration, uniq_pikel

Skill      XL: |  1  2  3  4  5  6 |
---------------+-------------------+-----
Spellcasting   | 3 4 |  4.4
Stealth        | 2 |  2.3
Dodging        | 2 |  2.0
Translocations | 2 3 |  3.5
Fighting       | |  0.1
Conjurations   | |  4.9

Action                   |  1- 3 |  4- 6 || total
-------------------------+-------+-------++-------
Melee: Unarmed           |    27 |       ||    27
       Tailslap          |     6 |     2 ||     8
       Whip              |    13 |    15 ||    28
       Scimitar          |       |     7 ||     7
       Quarterstaff      |       |     4 ||     4
 Cast: Magic Dart        |    44 |    44 ||    88
       Searing Ray       |    13 |    25 ||    38
       Iskenderun's Myst |       |     1 ||     1
  Use: Scroll            |     3 |     3 ||     6
       Potion            |       |     8 ||     8
  Eat: Chunk             |     4 |    10 ||    14
Armor: Skin              |    27 |    22 ||    49
Dodge: Dodged            |    35 |    37 ||    72
Block: Other             |    16 |     6 ||    22
       Reflection        |     1 |       ||     1
       Rpst.: Scimitar   |       |     2 ||     2
